 Dungeon Crawl Stone Soup version 0.30-a0-900-g23479c02f2 (webtiles) character file.

Game seed: 7153787514314618817

7637 cforsyth the Ogre Mage (level 11, -8/83 HPs)
             Began as an Ogre Fire Elementalist on Mar 19, 2023.
             Was a Priest of Vehumet.
             Killed from afar by a gargoyle (21 damage)
             ... with a stone arrow
             ... on level 10 of the Dungeon.
             The game lasted 00:23:03 (13602 turns).

cforsyth the Ogre Mage (Ogre Fire Elementalist)    Turns: 13602, Time: 00:23:04

Health: -8/83      AC:  6    Str: 14    XL:     11   Next: 18%
Magic:  5/28       EV: 10    Int: 20    God:    Vehumet [***...]
Gold:   364        SH:  0    Dex: 15    Spells: 21/31 levels left

rFire   . . .      SeeInvis .    w - +2 long sword (protect)
rCold   . . .      Faith    .    (no shield)
rNeg    . . .      Spirit   .    a - +0 robe
rPois   .          Reflect  .    (helmet restricted)
rElec   .          Rampage  .    p - +2 cloak {rCorr}
rCorr   +                        (gloves unavailable)
Will    ++...                    (boots unavailable)
Stlth   ++                       (no amulet)
HPRegen 0.33/turn                l - +6 ring of dexterity
MPRegen 0.21/turn                (no ring)

@: hasted, studying Long Blades, very quick
A: large, unfitting armour, tough skin 1, frail 1, high MP 1, strong-willed 1
a: Renounce Religion


You were on level 10 of the Dungeon.
You worshipped Vehumet.
Vehumet was most pleased with you.
You visited 2 branches of the dungeon, and saw 11 of its levels.

You collected 661 gold pieces.
You spent 297 gold pieces at shops.

Inventory:

Hand Weapons
 w - a +2 long sword of protection (weapon)
 D - the +3 quarterstaff "Utiniyf" {freeze, Drain rC+ Str+7 Dex+3}
   (You bought it in a shop on level 8 of the Dungeon)

   Str:       It affects your strength (+7).
   Dex:       It affects your dexterity (+3).
   rC:        It protects you from cold.
   Drain:     It drains your maximum health when unequipped.
Missiles
 s - 3 throwing nets
Armour
 a - a +0 robe (worn)
 p - a +2 cloak of preservation (worn)
 F - a +1 cloak
Jewellery
 l - a +6 ring of dexterity (left hand)
 y - a ring of willpower
Wands
 o - a wand of iceblast (13)
 x - a wand of charming (11)
 H - a wand of acid (5)
Scrolls
 g - 3 scrolls of vulnerability
 i - a scroll of enchant weapon {unknown}
 m - 2 scrolls of enchant armour
 q - a scroll of magic mapping
 r - 3 scrolls of noise
 t - a scroll of fear {unknown}
 C - a scroll of immolation {unknown}
 E - a scroll of acquirement {unknown}
Potions
 b - 2 potions of magic
 c - 3 potions of flight
 d - 3 potions of mutation
 e - a potion of cancellation {unknown}
 f - 2 potions of haste
 h - 5 potions of might
 j - 3 potions of ambrosia
 k - 8 potions of curing
 n - 2 potions of brilliance
 u - a potion of heal wounds {unknown}
 v - a potion of berserk rage {unknown}
 z - 13 potions of degeneration
 A - 2 potions of lignification
 B - a potion of invisibility {unknown}
 G - 3 potions of attraction {unknown}


   Skills:
 + Level 1.8 Fighting
 + Level 2.2 Dodging
 - Level 1.4 Stealth
 - Level 10.8 Spellcasting
 - Level 9.0 Conjurations
 - Level 9.3 Fire Magic
 + Level 1.1 Earth Magic


You had 21 spell levels left.
You knew the following spells:

 Your Spells              Type           Power      Damage    Failure   Level
a - Foxfire               Conj/Fire      100%       2x1d9     1%          1
b - Scorch                Fire           96%        2d10      1%          2
c - Flame Wave            Conj/Fire      47%        2d12      1%          4
d - Stone Arrow           Conj/Erth      62%        3d10      1%          3

Your spell library contained the following spells:

 Spells                   Type           Power      Damage    Failure   Level
 Ignite Poison            Fire/Tmut/Pois 23%        N/A       1%          3
 Inner Flame              Hex/Fire       29%        N/A       1%          3
 Kindle Blastsparks       Fire/Tloc/Air  46%        2d13      1%          3
 Passwall                 Tmut/Erth      10%        N/A       8%          2
 Irradiate                Conj/Tmut      14%        3d16      8%          5
 Ensorcelled Hibernation  Hex/Ice        20%        N/A       10%         2
 Sublimation of Blood     Necr           10%        N/A       10%         2
 Spider Form              Tmut/Pois      10%        N/A       19%         3
 Swiftness                Air            10%        N/A       19%         3
 Iron Shot                Conj/Erth      15%        9d4       30%         6
 Animate Armour           Summ/Erth      26%        N/A       45%         4
 Petrify                  Tmut/Erth      13%        N/A       45%         4
 Anguish                  Hex/Necr       5%         N/A       54%         4
 Blade Hands              Tmut           5%         N/A       87%         5
 Lehudib's Crystal Spear  Conj/Erth      15%        10d5      100%        8


Dungeon Overview and Level Annotations

Branches:
Dungeon (10/15)            Temple (1/1) D:6             Orc (0/2) D:9
   Lair: D:8-11

Altars:
Ashenzari
Cheibriados
Dithmenos
Elyvilon
Fedhas
Gozag
Hepliaklqana
Kikubaaqudgha
Makhleb
Nemelex Xobeh
Okawaru
Qazlal
Sif Muna
Trog
Uskayaw
Vehumet
Wu Jian
Xom
Yredelemnul
Zin
The Shining One

Shops:
D:3 ?   D:7 ?   D:8 (

Annotations:
D:6 2 transporters, relicbr's ghost, novice SpDe
D:10 Maggie


Innate Abilities, Weirdness & Mutations

You are too large for most types of armour.
You have tough skin. (AC +1)
You are frail. (-10% HP)
You have an increased reservoir of magic. (+10% MP)
You are strong-willed. (Will+)


Message History

A wave of flame ripples out!
The flame wave engulfs the gargoyle.
The gargoyle is moderately damaged.
You finish channelling waves of flame.
You hear a bellow! x2
The gargoyle hits you with a +0 flail.
Casting: Flame Wave (safe; 1% risk of failure)
Confirm with . or Enter, or press ? or * to list all spells.
Casting: Flame Wave (safe; 1% risk of failure)
Press: ? - help, Dir - look around, f - activate A wave of flame ripples out!
The flame wave engulfs the gargoyle but does no damage.
The gargoyle is moderately damaged. (Press . to intensify the flame waves.)
The gargoyle hits you with a +0 flail!
A wave of flame ripples out!
The flame wave engulfs the gargoyle but does no damage.
The gargoyle is moderately damaged.
The flame wave engulfs the killer bee!
You kill the killer bee!
Vehumet accepts your kill.
The flame wave engulfs the killer bee!
You kill the killer bee!
Vehumet accepts your kill. The gargoyle hits you with a +0 flail!
* * * LOW HITPOINT WARNING * * *
A wave of flame ripples out!
The flame wave engulfs the gargoyle but does no damage.
The gargoyle is moderately damaged.
You finish channelling waves of flame.
You hear a bellow! x2
The gargoyle closely misses you.
It was a potion of mutation.
You feel extremely strange.
You feel frail.
You feel more energetic.
You feel strong-willed. The gargoyle barely misses you.
You feel yourself speed up. The gargoyle hits you with a +0 flail!
* * * LOW HITPOINT WARNING * * *
You feel better.
The gargoyle hurls a stone arrow at you.
The stone arrow hits you!!
You die...

# ####.##..##.# #
#........... #
#'##.##+###.####### ...
###.##.##.###.#.....##...
##...###)..##...........#
+.....')....+>..........#
##...#'#...###..........#
.##.##)##.## #.........#
..###...### #@9......#
...#.)...# #........#
♣..)).♣..+ +...#....#
...#.)...# ##.......#
..###..)## #.......#
.##.##.## ##......#
'#...### ##.....####+++##
'.....+ +.##......y§...
##...### ###
#####.....†.≈...


You could see a gargoyle.

Vanquished Creatures
  Pikel (D:8)
  An ugly thing (D:10)
  Joseph (D:7)
  Maurice (D:8)
  An unseen horror zombie (D:8)
  2 hornets (D:9)
  A wyvern (D:10)
  A steam dragon (D:8)
  2 water moccasins (D:6)
  4 orc warriors
  3 hornet zombies (D:8)
  A swamp drake (D:9)
  An ogre (D:9)
  An ice beast (D:7)
  3 centaurs
  A phantom (D:5)
  3 kobold brigands
  A wyvern zombie (D:8)
  3 bullfrogs
  6 scorpions
  4 gnoll sergeants
  2 necrophages (D:8)
  10 wights
  12 killer bees
  2 howler monkeys (D:7)
  A centaur zombie (D:8)
  2 jellies
  Crazy Yiuf (D:7)
  3 gnoll boudas
  A human zombie (D:8)
  4 orc priests
  5 hounds
  Jessica (D:2)
  2 iguanas (D:6)
  Natasha (thrice) (D:3 D:5)
  10 orc wizards
  A mummy (D:8)
  Robin (D:2)
  31 gnolls
  7 adders
  2 ufetubi
  53 orcs
  10 endoplasms
  3 giant cockroaches
  13 goblins
  12 hobgoblins
  7 jackals
  23 kobolds
  A quokka (D:4)
  3 ball pythons
  6 bats
  A frilled lizard (D:1)
  3 rats (D:1)
  A butterfly (D:6)
279 creatures vanquished.

Vanquished Creatures (others)
  1323 foxfires
  11 fungi (D:10)
  3 plants (D:10)
1337 creatures vanquished.

Grand Total: 1616 creatures vanquished

Notes
Turn   | Place    | Note
-------+----------+-------------------------------------------
     0 | D:1      | cforsyth the Ogre Fire Elementalist began the quest for the
                  | Orb.
     0 | D:1      | Reached XP level 1. HP: 16/16 MP: 3/3
    41 | D:1      | Reached skill level 1 in Conjurations
   206 | D:1      | Reached XP level 2. HP: 24/24 MP: 2/5
   841 | D:1      | Reached skill level 3 in Spellcasting
   963 | D:1      | Reached XP level 3. HP: 31/31 MP: 4/7
  1343 | D:2      | Noticed Robin
  1358 | D:2      | Killed Robin
  1444 | D:2      | Noticed Jessica
  1448 | D:2      | Killed Jessica
  1449 | D:2      | Reached XP level 4. HP: 39/39 MP: 2/9
  2304 | D:3      | Found Ethifumm's Magic Scroll Shoppe.
  2304 | D:3      | Noticed Natasha
  2309 | D:3      | Killed Natasha
  2310 | D:3      | Reached XP level 5. HP: 45/45 MP: 5/10
  2417 | D:3      | Noticed Natasha
  2475 | D:3      | Found an iron altar of Okawaru.
  2491 | D:3      | Reached skill level 4 in Spellcasting
  3021 | D:3      | Found a bloodstained altar of Trog.
  3237 | D:4      | Reached XP level 6. HP: 51/53 MP: 2/12
  3351 | D:4      | Learned a level 2 spell: Scorch
  3356 | D:4      | Learned a level 4 spell: Flame Wave
  3868 | D:4      | Identified the +0 chain mail "Damanny" {rN+ Dex+2}
  4194 | D:4      | Reached skill level 5 in Spellcasting
  4553 | D:5      | Entered Level 5 of the Dungeon
  4617 | D:5      | Reached XP level 7. HP: 59/59 MP: 7/14
  5455 | D:5      | Reached skill level 5 in Fire Magic
  5479 | D:5      | Killed Natasha
  5522 | D:5      | Noticed Natasha
  5530 | D:5      | Killed Natasha
  6116 | D:5      | Reached skill level 6 in Spellcasting
  6116 | D:5      | Reached XP level 8. HP: 67/67 MP: 3/17
  6365 | D:5      | Found an ornate altar of the Wu Jian Council.
  6392 | D:5      | Found a blossoming altar of Fedhas.
  6479 | D:6      | Found a staircase to the Ecumenical Temple.
  6488 | Temple   | Entered the Ecumenical Temple
  6576 | Temple   | Became a worshipper of Vehumet
  6621 | D:6      | Reached skill level 5 in Conjurations
  6849 | D:6      | Reached skill level 7 in Spellcasting
  7041 | D:6      | Found an ancient bone altar of Kikubaaqudgha.
  7047 | D:6      | Found a glowing golden altar of the Shining One.
  7052 | D:6      | Found a shimmering blue altar of Sif Muna.
  7100 | D:6      | Found a sparkling altar of Nemelex Xobeh.
  7106 | D:6      | Found a white marble altar of Elyvilon.
  7117 | D:6      | Found a transporter.
  7119 | D:6      | Found a transporter.
  7120 | D:6      | Noticed relicbr's ghost (novice SpDe)
  7384 | D:6      | Reached XP level 9. HP: 56/74 MP: 12/20
  7527 | D:7      | Found Feqyaf's Magic Scroll Shoppe.
  7579 | D:7      | Noticed Joseph
  7815 | D:7      | Reached * piety under Vehumet
  7815 | D:7      | Offered knowledge of Sandblast by Vehumet.
  7933 | D:7      | Reached skill level 8 in Spellcasting
  8756 | D:7      | Killed Joseph
  8863 | D:7      | Found a runed translucent door.
  8864 | D:7      | Noticed Crazy Yiuf
  8906 | D:8      | Noticed a cyan ugly thing
  8906 | D:8      | Noticed a deep elf pyromancer
  8907 | D:8      | Noticed a deep elf pyromancer
  8909 | D:8      | Noticed a troll
  8909 | D:8      | Noticed a green ugly thing
  8910 | D:8      | Noticed a manticore
  8913 | D:8      | Found Cetecof's Antique Weapon Emporium.
  8923 | D:8      | Bought a brightly glowing quarterstaff for 297 gold pieces
  8923 | D:8      | Identified the +3 quarterstaff "Utiniyf" {freeze, Drain rC+
                  | Str+7 Dex+3} (You bought it in a shop on level 8 of the
                  | Dungeon)
  8947 | D:8      | Noticed Maurice
  9002 | D:8      | Killed Maurice
  9179 | D:8      | Noticed Pikel
  9224 | D:8      | Killed Pikel
  9225 | D:8      | Reached skill level 9 in Spellcasting
  9225 | D:8      | Reached XP level 10. HP: 52/81 MP: 11/23
  9624 | D:8      | Noticed a tengu warrior
  9826 | D:8      | Found a stormy altar of Qazlal.
  9841 | D:8      | Reached ** piety under Vehumet
  9841 | D:8      | Offered knowledge of Searing Ray by Vehumet.
 10345 | D:8      | Found a basalt altar of Yredelemnul.
 11132 | D:7      | Killed Crazy Yiuf
 11281 | D:9      | Offered knowledge of Momentum Strike by Vehumet.
 11291 | D:8      | Reached skill level 10 in Spellcasting
 12026 | D:9      | Reached *** piety under Vehumet
 12229 | D:9      | Identified the +5 dagger "Anainysch" {heavy, rElec rPois
                  | MP+9 Stlth-}
 12691 | D:9      | Offered knowledge of Ignite Poison by Vehumet.
 12695 | D:9      | Reached XP level 11. HP: 83/88 MP: 9/25
 12858 | D:9      | Found a staircase to the Orcish Mines.
 13043 | D:10     | Entered Level 10 of the Dungeon
 13377 | D:10     | Learned a level 3 spell: Stone Arrow
 13537 | D:10     | Noticed Maggie
 13565 | D:10     | Noticed a purple ugly thing
 13580 | D:10     | Killed a purple ugly thing
 13581 | D:10     | Reached skill level 1 in Fighting
 13585 | D:10     | Reached skill level 1 in Earth Magic
 13600 | D:10     | Gained mutation: You are frail. (-10% HP) [potion of
                  | mutation]
 13600 | D:10     | Gained mutation: You have an increased reservoir of magic.
                  | (+10% MP) [potion of mutation]
 13600 | D:10     | Gained mutation: You are strong-willed. (Will+) [potion of
                  | mutation]
 13602 | D:10     | Killed from afar by a gargoyle

Illustrated notes

Levels and vault maps discovered:
D:1:      zelgadis_glass_arrival_small, layout_loops_ring
D:2:      layout_rooms, serial_forest, infiniplex_forest_end_2,
          infiniplex_forest_end_2, infiniplex_forest_lined_3_way,
          infiniplex_forest_corner_1, infiniplex_forest_split,
          infiniplex_forest_straight_4, minmay_misc_feat_plants, uniq_robin,
          uniq_jessica
D:3:      layout_loops_cross, lemuel_crystal_altar, okawaru_trees_2,
          serial_shops, nicolae_square_shop, uniq_natasha
D:4:      layout_loops_ring, hangedman_minor_gate_pass
D:5:      layout_loops_cross, overflow_temple_1_default,
          pdpol_wu_jian_five_deadly_venoms, kennysheep_generic_room_7
D:6:      layout_rooms, nicolae_overflow_hallway_of_the_gods,
          minmay_temple_entry_butterflies, gammafunk_ghost_hive
D:7:      layout_gridville, serial_shops, nicolae_shop_hallway_plus,
          dk_rats_in_the_wall, uniq_joseph, uniq_crazy_yiuf_cottage
D:8:      layout_rooms, lemuel_mausoleum_altar_yredelemnul,
          mainiacjoe_overflow_paths, serial_shops, nicolae_shop_crystal,
          onia_ninara_dug_in_and_dangerous, uniq_pikel, uniq_maurice
D:9:      layout_big_octagon, erik_orc_1
D:10:     argonaut_augean_stables, layout_basic, amcnicky_altar_gilded,
          grunt_lair_entry_orc_guard_hut, nicolae_hexahallways, uniq_maggie
Temple:   cyrus_temple_forest

Skill      XL: |  1  2  3  4  5  6  7  8  9 10 11 |
---------------+----------------------------------+-----
Conjurations   | 1 2 3 4 5 7 8 9 |  9.0
Fire Magic     | 3 4 5 6 8 9 |  9.3
Spellcasting   | 3 4 5 6 7 9 10 | 10.8
Fighting       | 1 |  1.8
Dodging        | 2 |  2.2
Earth Magic    | 1 |  1.1
Stealth        | |  1.4

Action                     |  1- 3 |  4- 6 |  7- 9 | 10-12 || total
---------------------------+-------+-------+-------+-------++-------
  Melee: Unarmed           |     7 |     5 |     2 |       ||    14
   Cast: Foxfire           |    71 |   153 |   291 |   235 ||   750
         Scorch            |       |       |    37 |    45 ||    82
         Flame Wave        |       |       |       |    22 ||    22
         Stone Arrow       |       |       |       |     3 ||     3
  Evoke: Wand              |       |       |     1 |       ||     1
    Use: Scroll            |       |     5 |     4 |     3 ||    12
         Potion            |       |       |     1 |     3 ||     4
 Armour: Robe              |     9 |     3 |    12 |    19 ||    43
  Dodge: Dodged            |    16 |     8 |    28 |    56 ||   108

Table legend: (Time is in decaauts)
 A = Elapsed time spent in this place.
 B = Non-inter-level travel time spent in this place.
 C = Inter-level travel time spent in this place.
 D = Time resting spent in this place.
 E = Time spent auto-exploring this place.
 F = Levels seen in this place.
 G = Mean time per level.
                   A        B        C        D        E       F      G
               +--------+--------+--------+--------+--------+-----+--------+
         Total |  13625 |  13301 |    324 |   2065 |   9114 |  11 | 1238.6 |
       Dungeon |  13497 |  13212 |    285 |   2065 |   9039 |  10 | 1349.7 |
        Temple |    127 |     88 |     39 |      0 |     75 |   1 |  127.0 |
               +--------+--------+--------+--------+--------+-----+--------+

Top non-repeatable levels by time:
     D:8: 2824 daAuts
     D:4: 1644 daAuts
     D:5: 1620 daAuts
     D:9: 1330 daAuts
     D:7: 1304 daAuts
     D:1: 1304 daAuts
     D:6: 1030 daAuts
     D:3: 997 daAuts
     D:2: 926 daAuts
    D:10: 514 daAuts
  Temple: 127 daAuts
